 Dungeon Sprint DCSS version 0.31-a0-889-g1a8549509d (webtiles) character file.

Game seed: 2317415231939888602

650 sircluck the Grappler (level 7, -5/120 HPs)
             Began as a Troll Berserker on Oct 16, 2023.
             Was a Believer of Trog.
             Slain by a fire crab (11 damage)
             ... in the Dungeon (Sprint VII: "The Pits").
             The game lasted 00:00:38 (253 turns).

sircluck the Grappler (Troll Berserker)              Turns: 253, Time: 00:00:39

Health: -5/120     AC:  4    Str: 28    XL:     7   Next: 28%
Magic:  6/6        EV: 12    Int:  3    God:    Trog [**....]
Gold:   0          SH:  0    Dex:  9    Spells: 6/6 levels left

rFire   . .          .
                       - Unarmed
rCold   . . .        (no shield)
rNeg    . . .        a - +0 animal skin
rPois   .            (helmet restricted)
rElec   .            (no cloak)
rCorr   .            (gloves unavailable)
SInv    .            (boots unavailable)
Will    .....        (no amulet) Stlth
                     (no ring)
HPRegen 1.20/turn    (no ring)
MPRegen 0.10/turn

%: no teleportation
@: berserking (expiring), very quick
A: large, unfitting armour, claws 3, regeneration 1, shaggy fur 1, tough skin 1
a: Renounce Religion, Berserk, Trog's Hand


You were in the Dungeon.
You worshipped Trog.
Trog was pleased with you.
You visited 1 branch

Inventory:

Armour
 a - a +0 animal skin (worn)
Scrolls
 g - a scroll of blinking
Potions
 b - a potion of curing
 c - a potion of heal wounds
 d - a potion of haste
 e - 2 potions of magic
 f - a potion of berserk rage


   Skills:
 + Level 8.2 Fighting
 + Level 8.1 Dodging
 + Level 9.7 Unarmed Combat


You had 6 spell levels left.
You didn't know any spells.
Your spell library was empty.

Dungeon Overview and Level Annotations

Branches:
Dungeon (1/1)

Altars:


Innate Abilities, Weirdness & Mutations

You are too large for most types of armour.
You have claws for hands.
Your natural rate of healing is unusually fast.
You are covered in fur. (AC +1)
You have tough skin. (AC +1)


Message History

The lindwurm misses you.
You claw the lindwurm!
You kill the lindwurm!
Trog accepts your kill.
You can now call upon Trog for regeneration and willpower.
The worm closely misses you.
Your Fighting skill gained 2 levels and is now at level 8!
Your Dodging skill gained 2 levels and is now at level 8!
Your Unarmed Combat skill gained 2 levels and is now at level 9!
You have reached level 6!
You feel stronger.
You have reached level 7!
Unknown command.
Unknown command.
You mangle the worm!!
You feel the power of Trog in you as your rage grows.
You kill the worm!
Trog accepts your kill. The fire crab breathes flames at you.
The blast of flame engulfs you.
Unknown command.
Unknown command.
Unknown command.
You are engulfed in blazing flames.
You see here a worm corpse.
You scratch the fire crab.
The fire crab is lightly wounded.
You are engulfed in blazing flames.
The fire crab bites you.
You are engulfed in flames!
The fire crab claws you!
* * * LOW HITPOINT WARNING * * *
You are engulfed in flames!
* * * LOW HITPOINT WARNING * * *
Unknown command.
Unknown command.
The fire crab bites you!
* * * LOW HITPOINT WARNING * * *
You are engulfed in flames!
* * * LOW HITPOINT WARNING * * *
The fire crab claws you!
You die...

#... #... #..#
#..# #..# ######
#..# .##..# #..#
.##..# #t@# .''..#
#°°#
.''..##########°°#
.##..........○°°°#
.##..........°...#
##################


You could see a fire crab.

Vanquished Creatures
  A lindwurm (D)
  A polar bear (D)
  A gnoll (D)
  A worm (D)
4 creatures vanquished.

Notes
Turn   | Place    | Note
-------+----------+-------------------------------------------
     0 | D        | sircluck the Troll Berserker began the quest for the Orb.
     0 | D        | Reached XP level 1. HP: 22/22 MP: 0/0
    22 | D        | Noticed a polar bear
    23 | D        | Noticed a wyvern
    45 | D        | Reached XP level 2. HP: 31/31 MP: 1/1
    65 | D        | Killed a polar bear
    66 | D        | Reached skill level 7 in Unarmed Combat
    66 | D        | Reached XP level 3. HP: 26/44 MP: 2/2
    66 | D        | Reached XP level 4. HP: 31/52 MP: 3/3
    66 | D        | Reached XP level 5. HP: 35/59 MP: 4/4
   241 | D        | Noticed a lindwurm
   241 | D        | Noticed a fire crab
   249 | D        | Killed a lindwurm
   249 | D        | Reached ** piety under Trog
   250 | D        | Reached skill level 9 in Unarmed Combat
   250 | D        | Reached XP level 6. HP: 72/72 MP: 5/5
   250 | D        | Reached XP level 7. HP: 80/80 MP: 6/6
   253 | D        | HP: 6/120 [fire crab (9)]
   253 | D        | Slain by a fire crab

Illustrated notes

Levels and vault maps discovered:
D:        pitsprint [storerooms_1, entrance_room_1, metal_vault_1, armoury_3,
          mini_pit_1, grid_room_1, main_hall_1, silver_pit, the_coven_3,
          the_vestibule_1, steel_vault_2, golden_pit, hallway_of_sentries,
          crystal_vault_4, iron_vault_5, final_vault]

Skill      XL: |  1  2  3  4  5 |
---------------+----------------+-----
Fighting       | 3 6 8 |  8.2
Dodging        | 3 6 8 |  8.1
Unarmed Combat | 7 9 |  9.7

Action                     |  1- 3 |  4- 6 |  7- 9 || total
---------------------------+-------+-------+-------++-------
  Melee: Unarmed           |     9 |     3 |     2 ||    14
 Invoke: Berserk           |     1 |     1 |       ||     2
 Armour: Animal skin       |     9 |     5 |     7 ||    21
  Dodge: Dodged            |     2 |     3 |       ||     5

Table legend: (Time is in decaauts)
 A = Elapsed time spent in this place.
 B = Non-inter-level travel time spent in this place.
 C = Inter-level travel time spent in this place.
 D = Time resting spent in this place.
 E = Time spent auto-exploring this place.
 F = Levels seen in this place.
 G = Mean time per level.
                   A        B        C        D        E       F      G
               +--------+--------+--------+--------+--------+-----+--------+
         Total |    256 |    256 |      0 |    141 |      0 |   1 |  256.0 |
       Dungeon |    256 |    256 |      0 |    141 |      0 |   1 |  256.0 |
               +--------+--------+--------+--------+--------+-----+--------+

Top non-repeatable levels by time:
       D: 256 daAuts
